 Dungeon Crawl Stone Soup version 0.32-a0-540-g866d13106e (webtiles) character file.

Game seed: 8009389364431399055

858 HC7 the Changeling (level 7, -7/63 HPs)
             Began as a Troll Shapeshifter on Feb 28, 2024.
             Mangled by an orc warrior
             ... wielding a +0 long sword
              (9 damage)
             ... on level 6 of the Dungeon.
             The game lasted 00:13:00 (3908 turns).

HC7 the Changeling (Troll Shapeshifter)             Turns: 3908, Time: 00:13:01

Health: -7/63      AC: 12    Str: 23    XL:     7   Next: 71%
Magic:  8/8        EV: 10    Int:  6    God:
Gold:   263        SH:  0    Dex: 11    Spells: 9/9 levels left

rFire   + . .        t - +4 falchion (protect)
rCold   + . .        (no shield)
rNeg    + . .        a - +1 animal skin
rPois   +            (helmet currently unavailable)
rElec   +            (cloak currently unavailable)
rCorr   +            (gloves unavailable)
SInv    .            (boots unavailable)
Will    .....        (no amulet)
Stlth   ++           f - ring of wizardry
HPRegen 1.10/turn    w - ring of positive energy
MPRegen 0.11/turn

%: wizardry (x1)
@: beast-form, resistant, under a protective aura
A: beast (slay +2), large, unfitting armour, claws 3, regeneration 1, shaggy fur
1, tough skin 1
a: Begin Untransformation


You were on level 6 of the Dungeon.
You were a hulking beast.
You visited 1 branch of the dungeon, and saw 6 of its levels.

You collected 263 gold pieces.

Inventory:

Hand Weapons
 k - a +2 short sword of draining
 l - a +0 mace of holy wrath
 t - a +4 falchion of protection (weapon)
 y - a +2 heavy spear
 B - the +2 spear "Gekluat" {flame, rElec rC++ rCorr Stlth+}
   (You found it on level 4 of the Dungeon)

   rC++:      It greatly protects you from cold.
   rElec:     It insulates you from electricity.
   rCorr:     It protects you from acid and corrosion.
   Stlth+:    It makes you more stealthy.
Missiles
 o - 2 curare-tipped darts (quivered)
 z - 2 throwing nets
 A - 5 poisoned darts
Armour
 a - a +1 animal skin (worn)
Magical Staves
 s - a staff of cold
Jewellery
 f - a ring of wizardry (left claw)
 w - a ring of positive energy (right claw)
Talismans
 c - a beast talisman (active)
 d - a flux talisman
 e - a beast talisman (active)
Wands
 j - a wand of polymorph (13)
Scrolls
 g - 3 scrolls of identify
 i - a scroll of enchant weapon
 m - 3 scrolls of teleportation
 p - a scroll of poison
 r - a scroll of enchant armour
Potions
 b - 3 potions of lignification
 n - 2 potions of heal wounds {unknown}
 q - a potion of brilliance {unknown}
 u - 2 potions of haste {unknown}
 v - 2 potions of curing {unknown}
 D - 2 potions of cancellation {unknown}


   Skills:
 + Level 1.7 Fighting
 + Level 3.2 Long Blades
 + Level 2.8 Dodging
 * Level 1.6 Stealth
 + Level 4.3 Unarmed Combat
 * Level 1.8 Spellcasting
 * Level 4.5 Shapeshifting


You had 9 spell levels left.
You didn't know any spells.
Your spell library contained the following spells:

 Spells                   Type           Power      Damage    Failure   Level
 Slow                     Hex            0%         N/A       16%         1
 Static Discharge         Conj/Air       0%         3-3/arc   26%         2
 Confusing Touch          Hex            0%         N/A       43%         3
 Ozocubu's Armour         Ice            0%         N/A       43%         3
 Sigil of Binding         Hex            0%         N/A       43%         3
 Vampiric Draining        Necr           0%         2d6       43%         3
 Airstrike                Air            0%         2d(0-16)  82%         4
 Summon Lightning Spire   Summ/Air       0%         N/A       82%         4
 Metabolic Englaciation   Hex/Ice        0%         N/A       98%         5
 Sculpt Simulacrum        Ice/Alch       0%         N/A       100%        6


Dungeon Overview and Level Annotations

Branches:
Dungeon (6/15)
 Temple: D:4-7

Altars:
Cheibriados
Wu Jian
The Shining One


Innate Abilities, Weirdness & Mutations

You are a hulking beast.
Your limbs bulge with bestial killing power. (Slay +2)
You are too large for most types of armour.
You have claws for hands.
Your natural rate of healing is unusually fast.
You are covered in fur. (AC +1)
You have tough skin. (AC +1)


Message History

The orc wizard is severely wounded.
The orc warrior hits you with a +0 long sword.
The orc hits you but does no damage. The orc wizard barely misses you.
Something hits you. The orc warrior closely misses you.
You slash the orc wizard!
You kill the orc wizard!
The orc closely misses you. Something hits you.
The orc warrior hits you with a +0 long sword.
The orc hits you with a +0 mace.
You slash the orc!
You kill the orc!
Something hits you but does no damage.
The orc warrior hits you with a +0 long sword.
Something hits you but does no damage. The orc warrior closely misses you.
Things that are here:
a +0 dagger; a +0 robe; an orc corpse You barely miss the orc warrior.
You feel less confused. Something hits you but does no damage.
The orc warrior hits you with a +0 long sword.
You hit the orc warrior but do no damage.
You hear some strange, mumbled words.
A magic dart appears from out of thin air!
The magic dart hits you!
* * * LOW HITPOINT WARNING * * *
The orc warrior hits you but does no damage.
You hear some strange, mumbled words.
A magic dart appears from out of thin air!
The magic dart hits you.
* * * LOW HITPOINT WARNING * * *
You barely miss the orc warrior. The orc warrior closely misses you.
You hear some strange, mumbled words.
A magic dart appears from out of thin air!
The magic dart hits you!
* * * LOW HITPOINT WARNING * * *
Okay, then.
It was a potion of resistance.
You feel protected.
The orc warrior hits you with a +0 long sword!
You die...

#.. #... # #... ###.
. #... ... ..
###...####^##...
................
....>..)ho.....>
.........{..$#.#
#.....$.##..##.#.
#.#...#.# ....... #
#...#.# #.##.##§#
#...#.# #....<.§#
#.#...#.###.......#
#..............##§#
##..................


You could see an orc warrior.

Vanquished Creatures
  2 ice beasts (D:4)
  An ogre (D:5)
  A phantom (D:5)
  A scorpion (D:5)
  A bombardier beetle (D:4)
  A hound (D:4)
  2 orc priests
  2 orc wizards
  8 gnolls (D:3)
  5 adders
  A shadow imp (D:5)
  2 white imps
  3 dart slugs
  2 ribbon worms
  17 orcs
  9 ball pythons
  8 endoplasms
  4 giant cockroaches
  10 goblins
  6 hobgoblins
  2 jackals (D:3)
  11 kobolds
  3 quokkas
  7 bats
  4 frilled lizards
  A goblin zombie (D:6)
  2 hobgoblin zombies (D:6)
  2 orc skeletons (D:6)
  3 orc zombies (D:6)
  6 rats
127 creatures vanquished.

Notes
Turn   | Place    | Note
-------+----------+-------------------------------------------
     0 | D:1      | HC7 the Troll Shapeshifter began the quest for the Orb.
     0 | D:1      | Reached XP level 1. HP: 18/18 MP: 0/0
   213 | D:1      | Reached XP level 2. HP: 15/16 MP: 1/1
   553 | D:1      | Reached XP level 3. HP: 24/24 MP: 2/2
  1549 | D:3      | Reached XP level 4. HP: 33/33 MP: 3/3
  1759 | D:3      | Found a snail-covered altar of Cheibriados.
  2044 | D:3      | Reached XP level 5. HP: 29/46 MP: 3/5
  2311 | D:4      | Noticed an ice beast
  2403 | D:4      | Noticed an ice beast
  2466 | D:4      | Reached skill level 1 in Long Blades
  2480 | D:4      | Reached skill level 1 in Fighting
  2480 | D:4      | Reached skill level 1 in Spellcasting
  2562 | D:4      | Reached skill level 1 in Stealth
  2562 | D:4      | Reached XP level 6. HP: 40/55 MP: 6/6
  2674 | D:4      | Identified the +1 leather armour of Xekopp Bumo {+Inv rPois
                  | rC++ Regen+ Str-5}
  2839 | D:4      | Identified the +2 spear "Gekluat" {flame, rElec rC++ rCorr
                  | Stlth+}
  2940 | D:4      | Killed an ice beast
  3025 | D:4      | Found an ornate altar of the Wu Jian Council.
  3101 | D:5      | Entered Level 5 of the Dungeon
  3101 | D:5      | Noticed an ice beast
  3112 | D:4      | Killed an ice beast
  3113 | D:4      | Reached XP level 7. HP: 62/62 MP: 6/8
  3809 | D:6      | Found a glowing golden altar of the Shining One.
  3907 | D:6      | HP: 1/63 [something/magic dart (9)]
  3908 | D:6      | Mangled by an orc warrior

Illustrated notes

Levels and vault maps discovered:
D:1:      sevenhm_arrival_forest_fort_small_6, layout_basic
D:2:      layout_basic
D:3:      layout_loops_ring, mainiacjoe_overflow_concentric_impassable,
          hangedman_decor_clover_reticule, serial_bayou_ford_a
D:4:      layout_cave_pools, mainiacjoe_overflow_small_starburst
D:5:      layout_cave_pools, chequers_serial_rivers_room_a,
          kennysheep_small_spiral
D:6:      layout_loops_cross, nicolae_tso_besieged_by_evil, minivault_26,
          fountainhead

Skill      XL: |  1  2  3  4  5  6  7 |
---------------+----------------------+-----
Unarmed Combat | 4 |  4.3
Long Blades    | 1 2 3 |  3.2
Fighting       | 1 |  1.7
Dodging        | 2 |  2.8
Spellcasting   | 1 |  1.8
Stealth        | 1 |  1.6
Shapeshifting  | 4 |  4.5

Action                     |  1- 3 |  4- 6 |  7- 9 || total
---------------------------+-------+-------+-------++-------
  Melee: Unarmed           |   103 |       |       ||   103
         Punch             |     2 |       |       ||     2
         Falchion          |    17 |   146 |    91 ||   254
    Use: Scroll            |       |     3 |     7 ||    10
         Potion            |       |       |     1 ||     1
   Stab: Sleeping          |     1 |     1 |       ||     2
 Armour: Animal skin       |    63 |   164 |    84 ||   311
  Dodge: Dodged            |    52 |   113 |    47 ||   212

Table legend: (Time is in decaauts)
 A = Elapsed time spent in this place.
 B = Non-inter-level travel time spent in this place.
 C = Inter-level travel time spent in this place.
 D = Time resting spent in this place.
 E = Time spent auto-exploring this place.
 F = Levels seen in this place.
 G = Mean time per level.
                   A        B        C        D        E       F      G
               +--------+--------+--------+--------+--------+-----+--------+
         Total |   3956 |   3670 |    286 |      0 |   2305 |   6 |  659.3 |
       Dungeon |   3956 |   3670 |    286 |      0 |   2305 |   6 |  659.3 |
               +--------+--------+--------+--------+--------+-----+--------+

Top non-repeatable levels by time:
     D:3: 973 daAuts
     D:1: 821 daAuts
     D:4: 710 daAuts
     D:5: 672 daAuts
     D:2: 637 daAuts
     D:6: 140 daAuts
